 Dungeon Crawl Stone Soup version 0.29-a0-275-g389c0b56f3 (webtiles) character file.

Game seed: 1216588227336094803

548 namelastname112 the Chiller (level 7, 58/58 HPs)
             Began as a Pale Draconian Ice Elementalist on Mar 12, 2022.
             Quit the game on level 4 of the Dungeon.
             The game lasted 00:05:16 (4551 turns).

namelastname112 the Chiller (DrIE)                  Turns: 4551, Time: 00:05:17

Health: 58/58      AC:  6    Str: 16    XL:     7   Next: 7%
Magic:  12/12      EV: 13    Int: 17    God:
Gold:   187        SH:  0    Dex: 11    Spells: 6/13 levels left

rFire   . . .      SeeInvis .   j - +3 short sword of Oprol {vorpal, rN+ Str+5}
rCold   . . .      Faith    .   (no shield)
rNeg    + . .      Spirit   .   (body armour unavailable)
rPois   .          Reflect  .   (helmet restricted)
rElec   .          Harm     .   (no cloak)
rCorr   .          Rampage  .   (no gloves)
Will    .....      Rnd*Tele +   (no boots)
Stlth   ++........              (no amulet)
HPRegen 0.19/turn               (no ring)
MPRegen 0.13/turn               (no ring)

@: no status effects
A: breathe steam, AC +6, unfitting armour, cold-blooded, steam resistance,
teleportitis 1
a: Breathe Steam


You were on level 4 of the Dungeon.
You visited 1 branch of the dungeon, and saw 4 of its levels.

You collected 187 gold pieces.

Inventory:

Hand Weapons
 j - the +3 short sword of Oprol (weapon) {vorpal, rN+ Str+5}
   (You found it on level 3 of the Dungeon)

   It inflicts extra damage upon your enemies.
   Str:       It affects your strength (+5).
   rN:        It protects you from negative energy.
Missiles
 c - 2 throwing nets
Scrolls
 e - a scroll of noise
 f - 5 scrolls of identify
 h - a scroll of fear {unknown}
Potions
 a - a potion of magic
 d - a potion of might
 g - a potion of lignification
 m - a potion of brilliance


   Skills:
 + Level 3.9 Fighting
 + Level 3.7 Dodging
 - Level 1.7 Stealth
 + Level 3.9 Spellcasting
 + Level 5.4 Ice Magic


You had 6 spell levels left.
You knew the following spells:

 Your Spells              Type           Power      Damage    Failure   Level
a - Ozocubu's Armour      Ice            21%        N/A       4%          3
x - Frozen Ramparts       Ice            42%        1d6       4%          3
z - Freeze                Ice            84%        1d10      1%          1

Your spell library contained the following spells:

 Spells                   Type           Power      Damage    Failure   Level
 Animate Skeleton         Necr           6%         N/A       16%         1
 Apportation              Tloc           6%         N/A       16%         1
 Summon Small Mammal      Summ           12%        N/A       16%         1
 Hailstorm                Conj/Ice       12%        3d5       45%         4
 Ozocubu's Refrigeration  Ice            10%        4d7       100%        7


Dungeon Overview and Level Annotations

Branches:
Dungeon (4/15)
 Temple: D:4-7

Altars:
Ru

Shops:
D:1 (   D:2 (


Innate Abilities, Weirdness & Mutations

You can breathe blasts of scalding, opaque steam.
Your pale cyan-grey scales are hard. (AC +6)
You cannot fit into any form of body armour.
You are cold-blooded and may be slowed by cold attacks.
You are immune to the effects of steam.
You are occasionally teleported next to monsters.


Message History

Key pressed, stopping explore!
You open the door!
There is an open door here!
Key pressed, stopping explore!
m - a purple potion
There is an open door here!
Key pressed, stopping explore!
You see here a +0 whip!
You see here a +0 short sword!
Key pressed, stopping explore!
There is an open door here!
Done exploring!
Done exploring!
Done exploring!
Done exploring!
Done exploring!
There is an escape hatch in the floor here!
As you read the scroll labelled BUTIRI MIANK, it crumbles to dust!
You feel strangely unstable!
It was a scroll of teleportation!
As you read the scroll labelled BOTOULA DEILEO, it crumbles to dust!
You hear a loud clanging noise!!!
It was a scroll of noise!
As you read the scroll labelled DYHETAELEE, it crumbles to dust!
You speak a Word of immense power!!!
It was a scroll of holy word!
As you read the scroll labelled QEROVA IXYA, it crumbles to dust!
You feel momentarily disoriented!
It was a scroll of magic mapping!
Your surroundings suddenly seem different!
As you read the scroll labelled TOSUASA QIRE, it crumbles to dust!
It is a scroll of identify!
i - a potion of mutation
As you read the scroll of identify, it crumbles to dust!
m - a potion of brilliance
Okay, then!
Really quaff the potion of mutation?
You feel extremely strange!
You feel weirdly uncertain!
Saving game!!! please wait!
Welcome back, namelastname112 the Pale Draconian Ice Elementalist!
Press ? for a list of commands and other information!
Are you sure you want to abandon this character and quit the game? (Confirm with "yes"!)

'##..........# #.# #..
.##..........# #.# #..
.##..........# #.# #..
.##..........# #.# #..
.##..........# #.# #..
.############# #.# ### .#
#.###########
.###################.##........#
>...............@....##........#
##############..####.##........#
#......# ##.#...).....)....#
#####......####.#.##.##........#
...........'......##.##........#
#####......####.####.##........#
# #......# #..# #.##........# #
#......#####.###.##..)..<..# #
#########.....##.####.#######


There were no monsters in sight!

Vanquished Creatures
  Grinder (D:3)
  A centaur (D:4)
  A jelly (D:4)
  3 iguanas (D:4)
  An orc wizard (D:4)
  4 gnolls (D:2)
  2 adders
  3 dart slugs
  8 orcs
  3 bats
  7 endoplasms
  5 giant cockroaches
  3 goblins
  5 hobgoblins
  4 jackals (D:1)
  7 kobolds
  A quokka (D:1)
  7 ball pythons
  2 frilled lizards
  5 rats
73 creatures vanquished.

Notes
Turn   | Place    | Note
-------+----------+-------------------------------------------
     0 | D:1      | namelastname112 the Draconian Ice Elementalist began the
                  | quest for the Orb.
     0 | D:1      | Reached XP level 1. HP: 14/14 MP: 3/3
   126 | D:1      | Reached XP level 2. HP: 13/22 MP: 1/5
   448 | D:1      | Reached skill level 1 in Fighting
   745 | D:1      | Found Kurats's Weapon Emporium.
  1036 | D:1      | Reached XP level 3. HP: 27/28 MP: 4/6
  1290 | D:2      | Learned a level 3 spell: Frozen Ramparts
  1415 | D:2      | Found Zuthrudof's Antique Weapon Emporium.
  1691 | D:2      | Reached XP level 4. HP: 33/36 MP: 3/8
  2491 | D:3      | Found a sacrificial altar of Ru.
  2523 | D:3      | Identified the +3 short sword of Oprol {vorpal, rN+ Str+5}
  2764 | D:3      | Noticed Grinder
  2782 | D:3      | Paralysed by Grinder for 3 turns
  2797 | D:3      | Paralysed by Grinder for 7 turns
  2809 | D:3      | Killed Grinder
  2810 | D:3      | Reached skill level 5 in Ice Magic
  2810 | D:3      | Reached XP level 5. HP: 10/45 MP: 3/10
  2810 | D:3      | Reached XP level 6. HP: 11/51 MP: 3/11
  2959 | D:3      | Learned a level 3 spell: Ozocubu's Armour
  4128 | D:4      | Your scales start taking on a pale cyan-grey colour.
  4128 | D:4      | Reached XP level 7. HP: 51/58 MP: 6/12
  4128 | D:4      | Gained mutation: You are immune to the effects of steam.
                  | [Pale Draconian growth]
  4550 | D:4      | Gained mutation: You are occasionally teleported next to
                  | monsters. [potion of mutation]
  4551 | D:4      | Quit the game

Illustrated notes

Levels and vault maps discovered:
D:1:      psy_arrival_radial02, layout_loops_ring, serial_shops, shop
D:2:      layout_basic, serial_shops, shop_fountains
D:3:      layout_rooms, hangedman_ru_absence, serial_curves, eino_curves_02,
          eino_curves_03, uniq_grinder
D:4:      layout_basic

Skill      XL: |  1  2  3  4 |
---------------+-------------+-----
Dodging        | 2 3 |  3.7
Fighting       | 1 2 3 |  3.9
Spellcasting   | 3 |  3.9
Ice Magic      | 5 |  5.4
Stealth        | |  1.7

Action                   |  1- 3 |  4- 6 |  7- 9 || total
-------------------------+-------+-------+-------++-------
Melee: Unarmed           |    31 |       |       ||    31
       Tailslap          |    11 |     7 |       ||    18
       Punch             |     1 |       |       ||     1
       Short sword       |    45 |    73 |     1 ||   119
 Cast: Freeze            |    24 |    24 |     6 ||    54
       Frozen Ramparts   |     1 |     3 |       ||     4
  Use: Potion            |       |     2 |     1 ||     3
       Scroll            |       |       |     6 ||     6
 Stab: Sleeping          |     1 |       |       ||     1
Armor: Skin              |    24 |    31 |     2 ||    57
Dodge: Dodged            |    63 |    40 |     3 ||   106

Table legend: (Time is in decaauts)
 A = Elapsed time spent in this place.
 B = Non-inter-level travel time spent in this place.
 C = Inter-level travel time spent in this place.
 D = Time resting spent in this place.
 E = Time spent auto-exploring this place.
 F = Levels seen in this place.
 G = Mean time per level.
                   A        B        C        D        E       F      G
               +--------+--------+--------+--------+--------+-----+--------+
         Total |   4573 |   4424 |    149 |    143 |   3687 |   4 | 1143.2 |
       Dungeon |   4573 |   4424 |    149 |    143 |   3687 |   4 | 1143.2 |
               +--------+--------+--------+--------+--------+-----+--------+

Top non-repeatable levels by time:
     D:4: 1295 daAuts
     D:1: 1257 daAuts
     D:2: 1157 daAuts
     D:3: 863 daAuts
